FSL
LAKELAND FLYING TIGERS @ BRADENTON MARAUDERS
09/20/2080
 
TOP OF THE 1ST
Lakeland Flying Tigers batting - Pitching for Bradenton Marauders : RHP Tommy Walker
Pitching: RHP Tommy Walker
Batting: RHB Greg Burciaga 0-0: Called Strike
0-1: Ball
1-1: Swinging Strike
1-2: Foul Ball, location: 2F
1-2: Strikes out looking
Batting: RHB Chris Otero 0-0: Ground out 4-3 (Groundball, 34D, EV 109.4 MPH)
Batting: RHB Bobby Graves 0-0: Called Strike
0-1: Ground out 5-3 (Groundball, 56S, EV 80.0 MPH)
Top of the 1st over - 0 runs, 0 hits, 0 errors, 0 left on base; Lakeland 0 - Bradenton 0
BOTTOM OF THE 1ST
Bradenton Marauders batting - Pitching for Lakeland Flying Tigers : LHP Roberto Alvarez
Pitching: LHP Roberto Alvarez
Batting: RHB Daniel Solano 0-0: Foul Ball, location: 2F
0-1: Ball
1-1: Swinging Strike
1-2: Foul Ball, location: 2F
1-2: Foul Ball, location: 2F
1-2: Foul Ball, location: 2F
1-2: Ball
2-2: Ball
3-2: Base on Balls
Batting: RHB Matt Paules 0-0: Called Strike
Daniel Solano steals 2nd base
0-1: Fly out, F9 (Flyball, 9LMF, EV 90.0 MPH)
Batting: RHB Jorge Barela 0-0: Ball
1-0: Called Strike
1-1: Ball
2-1: Swinging Strike
2-2: Strikes out looking
Batting: RHB Willie Chavez 0-0: Called Strike
0-1: Ball
1-1: Ball
2-1: Foul Ball, location: 2F
2-2: Strikes out swinging
Bottom of the 1st over - 0 runs, 0 hits, 0 errors, 1 left on base; Lakeland 0 - Bradenton 0
TOP OF THE 2ND
Lakeland Flying Tigers batting - Pitching for Bradenton Marauders : RHP Tommy Walker
Batting: LHB Reynaldo Fleites 0-0: Ball
1-0: Ball
2-0: Fly out, F9 (Line Drive, 89M, EV 95.6 MPH)
Batting: RHB Josh Panos 0-0: Called Strike
0-1: Ball
1-1: Ball
2-1: Called Strike
2-2: Foul Ball, location: 2F
2-2: Strikes out swinging
Batting: RHB Angelo Quiroz Jr. 0-0: Ball
1-0: Ball
2-0: Ground out 6-3 (Groundball, 56, EV 90.0 MPH)
Top of the 2nd over - 0 runs, 0 hits, 0 errors, 0 left on base; Lakeland 0 - Bradenton 0
BOTTOM OF THE 2ND
Bradenton Marauders batting - Pitching for Lakeland Flying Tigers : LHP Roberto Alvarez
Batting: SHB Efrain Careaga 0-0: Swinging Strike
0-1: Ball
1-1: Ground out 5-3 (Groundball, 56, EV 90.6 MPH)
Batting: RHB Ricky Aquino 0-0: Foul Ball, location: 2F
0-1: Swinging Strike
0-2: Ball
1-2: Foul Ball, location: 2F
1-2: Strikes out looking
Batting: SHB Jon Hernandez 0-0: Ground out 4-3 (Groundball, 4, EV 108.8 MPH)
Bottom of the 2nd over - 0 runs, 0 hits, 0 errors, 0 left on base; Lakeland 0 - Bradenton 0
TOP OF THE 3RD
Lakeland Flying Tigers batting - Pitching for Bradenton Marauders : RHP Tommy Walker
Batting: RHB Brian Clingerman 0-0: Foul Ball, location: 2F
0-1: Fly out, F8 (Flyball, 8RD, EV 99.4 MPH)
Batting: LHB Adam Black 0-0: Ball
1-0: Ball
2-0: Foul Ball, location: 2F
2-1: Ground out 4-3 (Groundball, 4S, EV 81.2 MPH)
Batting: RHB Jim Unknown 0-0: Swinging Strike
0-1: Swinging Strike
0-2: Ball
1-2: Ball
2-2: Ball
3-2: Foul Ball, location: 2F
3-2: Strikes out looking
Top of the 3rd over - 0 runs, 0 hits, 0 errors, 0 left on base; Lakeland 0 - Bradenton 0
BOTTOM OF THE 3RD
Bradenton Marauders batting - Pitching for Lakeland Flying Tigers : LHP Roberto Alvarez
Batting: LHB Antonio Gomez 0-0: Called Strike
0-1: Swinging Strike
0-2: Strikes out swinging, 2-3 out at first.
Batting: LHB J.J. Fowler 0-0: Ball
1-0: Called Strike
1-1: Ball
2-1: Ball
3-1: SINGLE (Line Drive, 4MD, EV 100.0 MPH)
Batting: RHB Daniel Solano 0-0: Ball
1-0: Ball
2-0: Grounds into double play, 6-4-3 (Groundball, 56, EV 91.2 MPH)
Bottom of the 3rd over - 0 runs, 1 hit, 0 errors, 0 left on base; Lakeland 0 - Bradenton 0
TOP OF THE 4TH
Lakeland Flying Tigers batting - Pitching for Bradenton Marauders : RHP Tommy Walker
Batting: RHB Greg Burciaga 0-0: Ball
1-0: Ball
2-0: Foul Ball, location: 2F
2-1: Ball
3-1: Fly out, F9 (Flyball, 9, EV 95.0 MPH)
Batting: RHB Chris Otero 0-0: Ball
1-0: Ball
2-0: Foul Ball, location: 2F
2-1: Ground out 6-3 (Groundball, 56, EV 83.1 MPH)
Batting: RHB Bobby Graves 0-0: Called Strike
0-1: Foul Ball, location: 2F
0-2: Ball
1-2: Hit by Pitch
Batting: LHB Reynaldo Fleites 0-0: Swinging Strike
0-1: Ball
1-1: Ball
2-1: Called Strike
2-2: Foul Ball, location: 2F
2-2: Fly out, F7 (Flyball, 7LM, EV 77.5 MPH)
Top of the 4th over - 0 runs, 0 hits, 0 errors, 1 left on base; Lakeland 0 - Bradenton 0
BOTTOM OF THE 4TH
Bradenton Marauders batting - Pitching for Lakeland Flying Tigers : LHP Roberto Alvarez
Batting: RHB Matt Paules 0-0: Called Strike
0-1: Foul Ball, location: 2F
0-2: Ball
1-2: Ground out 4-3 (Groundball, 4, EV 93.8 MPH)
Batting: RHB Jorge Barela 0-0: Called Strike
0-1: Ball
1-1: Ground out 4-3 (Groundball, 4, EV 110.6 MPH)
Batting: RHB Willie Chavez 0-0: Swinging Strike
0-1: Ball
1-1: Swinging Strike
1-2: Strikes out swinging
Bottom of the 4th over - 0 runs, 0 hits, 0 errors, 0 left on base; Lakeland 0 - Bradenton 0
TOP OF THE 5TH
Lakeland Flying Tigers batting - Pitching for Bradenton Marauders : RHP Tommy Walker
Batting: RHB Josh Panos 0-0: Fly out, F2 (Popup, 2LF, EV 85.6 MPH)
Batting: RHB Angelo Quiroz Jr. 0-0: Ball
1-0: Ball
2-0: Ball
3-0: Base on Balls
Batting: RHB Brian Clingerman 0-0: Called Strike
0-1: Foul Ball, location: 2F
0-2: Strikes out swinging
Batting: LHB Adam Black 0-0: Ball
1-0: Foul Ball, location: 2F
1-1: Ball
2-1: Ball
3-1: Foul Ball, location: 2F
3-2: Strikes out swinging
Top of the 5th over - 0 runs, 0 hits, 0 errors, 1 left on base; Lakeland 0 - Bradenton 0
BOTTOM OF THE 5TH
Bradenton Marauders batting - Pitching for Lakeland Flying Tigers : LHP Roberto Alvarez
Batting: SHB Efrain Careaga 0-0: Called Strike
0-1: Ball
1-1: Swinging Strike
1-2: Foul Ball, location: 2F
1-2: Foul Ball, location: 2F
1-2: Ball
2-2: Ground out 4-3 (Groundball, 4, EV 111.9 MPH)
Batting: RHB Ricky Aquino 0-0: Called Strike
0-1: Ground out U3 (Groundball, 3, EV 102.5 MPH)
Batting: SHB Jon Hernandez 0-0: Called Strike
0-1: Foul Ball, location: 2F
0-2: Strikes out swinging
Bottom of the 5th over - 0 runs, 0 hits, 0 errors, 0 left on base; Lakeland 0 - Bradenton 0
TOP OF THE 6TH
Lakeland Flying Tigers batting - Pitching for Bradenton Marauders : RHP Tommy Walker
Batting: RHB Jim Unknown 0-0: Called Strike
0-1: Ball
1-1: Swinging Strike
1-2: Foul Ball, location: 2F
1-2: Ball
2-2: Strikes out looking
Batting: RHB Greg Burciaga 0-0: Ball
1-0: Foul Ball, location: 2F
1-1: Ball
2-1: Fly out, F9 (Flyball, 89M, EV 88.8 MPH)
Batting: RHB Chris Otero 0-0: Ground out 6-3 (Groundball, 56D, EV 103.1 MPH)
Top of the 6th over - 0 runs, 0 hits, 0 errors, 0 left on base; Lakeland 0 - Bradenton 0
BOTTOM OF THE 6TH
Bradenton Marauders batting - Pitching for Lakeland Flying Tigers : LHP Roberto Alvarez
Batting: LHB Antonio Gomez 0-0: Ball
1-0: Called Strike
1-1: Swinging Strike
1-2: Ball
2-2: Ball
3-2: Foul Ball, location: 2F
3-2: Strikes out swinging
Batting: LHB J.J. Fowler 0-0: Foul Ball, location: 2F
0-1: Ball
1-1: Called Strike
1-2: Foul Ball, location: 2F
1-2: Foul Ball, location: 2F
1-2: Strikes out looking
Batting: RHB Daniel Solano 0-0: Called Strike
0-1: Ball
1-1: Fly out, F9 (Line Drive, 89M, EV 92.5 MPH)
Bottom of the 6th over - 0 runs, 0 hits, 0 errors, 0 left on base; Lakeland 0 - Bradenton 0
TOP OF THE 7TH
Lakeland Flying Tigers batting - Pitching for Bradenton Marauders : RHP Tommy Walker
Batting: RHB Bobby Graves 0-0: Ball
1-0: Foul Ball, location: 2F
1-1: Swinging Strike
1-2: Foul Ball, location: 2F
1-2: Foul Ball, location: 2F
1-2: Ground out 6-3 (Groundball, 6, EV 84.4 MPH)
Batting: LHB Reynaldo Fleites 0-0: Ball
1-0: Ball
2-0: Ball
3-0: Base on Balls
Batting: RHB Josh Panos 0-0: Ball
1-0: Called Strike
1-1: Grounds into double play, 5-4-3 (Groundball, 56, EV 78.1 MPH)
Top of the 7th over - 0 runs, 0 hits, 0 errors, 0 left on base; Lakeland 0 - Bradenton 0
BOTTOM OF THE 7TH
Bradenton Marauders batting - Pitching for Lakeland Flying Tigers : LHP Roberto Alvarez
Batting: RHB Matt Paules 0-0: Ball
1-0: Called Strike
1-1: Ground out U3 (Groundball, 34, EV 78.8 MPH)
Batting: RHB Jorge Barela 0-0: Foul Ball, location: 2F
0-1: Ground out 6-3 (Groundball, 6, EV 91.2 MPH)
Batting: RHB Willie Chavez 0-0: DOUBLE (Line Drive, 78M, EV 93.8 MPH)
Batting: SHB Efrain Careaga 0-0: Ball
1-0: Ball
2-0: Ground out 6-3 (Groundball, 6, EV 101.9 MPH)
Bottom of the 7th over - 0 runs, 1 hit, 0 errors, 1 left on base; Lakeland 0 - Bradenton 0
TOP OF THE 8TH
Lakeland Flying Tigers batting - Pitching for Bradenton Marauders : RHP Tommy Walker
Batting: RHB Angelo Quiroz Jr. 0-0: Ball
1-0: Ball
2-0: Fly out, F9 (Flyball, 9, EV 83.8 MPH)
Batting: RHB Brian Clingerman 0-0: Ball
1-0: Foul Ball, location: 2F
1-1: Called Strike
1-2: Ball
2-2: Ball
3-2: Foul Ball, location: 2F
3-2: Strikes out swinging
Batting: LHB Adam Black 0-0: Ball
1-0: Ball
2-0: Ball
3-0: Called Strike
3-1: SINGLE (Groundball, 4MD, EV 96.2 MPH)
Batting: RHB Jim Unknown 0-0: Called Strike
Adam Black steals 2nd base
0-1: Ball
1-1: Ball
2-1: Ground out 5-3 (Groundball, 5L, EV 84.4 MPH)
Top of the 8th over - 0 runs, 1 hit, 0 errors, 1 left on base; Lakeland 0 - Bradenton 0
BOTTOM OF THE 8TH
Bradenton Marauders batting - Pitching for Lakeland Flying Tigers : LHP Roberto Alvarez
Batting: RHB Ricky Aquino 0-0: Ball
1-0: Ball
2-0: DOUBLE (Groundball, 5L, EV 94.4 MPH)
Batting: SHB Jon Hernandez 0-0: Ball
1-0: Called Strike
1-1: Reached via error on a dropped throw from 1B, E1 (Groundball, 34, EV 81.2 MPH)
Ricky Aquino to third
Pitching: RHP Ron Sledge
Batting: LHB Antonio Gomez 0-0: Ball
1-0: Called Strike
1-1: Ball
2-1: Called Strike
2-2: Ball
3-2: Foul Ball, location: 2F
3-2: Fly out, F7 (Flyball, 7LD, EV 90.0 MPH)
Runner from 3rd tags up, SCORES, no throw by LF
Batting: LHB J.J. Fowler 0-0: Foul Ball, location: 2F
0-1: Ball
1-1: Foul Ball, location: 2F
1-2: Ball
2-2: Strikes out looking
Batting: RHB Daniel Solano 0-0: Foul Ball, location: 2F
0-1: Called Strike
0-2: Strikes out looking
Bottom of the 8th over - 1 run, 1 hit, 1 error, 1 left on base; Lakeland 0 - Bradenton 1
TOP OF THE 9TH
Lakeland Flying Tigers batting - Pitching for Bradenton Marauders : RHP Tommy Walker
Now in LF: James Fede
Batting: RHB Greg Burciaga 0-0: Ball
1-0: Called Strike
1-1: Ball
2-1: Foul Ball, location: 2F
2-2: SINGLE (Groundball, 6M, EV 77.5 MPH) (infield hit)
Batting: RHB Chris Otero 0-0: Bunt missed!
0-1: Ball
1-1: Bunted foul
1-2: Fly out, F9 (Flyball, 9, EV 87.5 MPH)
Batting: RHB Bobby Graves 0-0: Ball
1-0: Grounds into double play, 5-4-3 (Groundball, 56, EV 81.9 MPH)
Top of the 9th over - 0 runs, 1 hit, 0 errors, 0 left on base; Lakeland 0 - Bradenton 1
Saturday, July 30th , 2022 - OOTP Baseball 23.5 Build 73